 Dungeon Crawl Stone Soup version 0.26-a0-835-g8259106e14 (webtiles) character file.

Game seed: 4453886949135314721

116 jasper the Ruffian (level 4, 0/37 HPs)
             Began as a Palentonga Transmuter on Nov 17, 2020.
             Slain by a hobgoblin
             ... wielding a +0 club
             ... led by Robin
              (1 damage)
             ... on level 2 of the Dungeon.
             The game lasted 00:01:49 (1584 turns).

jasper the Ruffian (Palentonga Transmuter)          Turns: 1584, Time: 00:01:50

Health: 0/37       AC:  4    Str: 14    XL:     4   Next: 70%
Magic:  16/16      EV: 10    Int: 14    God:
Gold:   92         SH:  0    Dex: 10    Spells: 6/7 levels left

rFire    . . .     SeeInvis +     - Unarmed
rCold    . . .     Faith    .   (no shield)
rNeg     . . .     Spirit   .   a - +0 robe
rPois    .         Reflect  .   (no helmet)
rElec    .         Harm     .   (no cloak)
rCorr    .         Rampage  .   (no gloves)
MR       .....                  (no barding)
Stlth    +.........             (no amulet)
HPRegen  0.12/turn              b - ring of magical power
MPRegen  0.15/turn              (no ring)

@: no status effects
A: large, rugged brown scales 3, see invisible, deformed body, roll 1, armoured
tail
a: Rolling Charge


You were on level 2 of the Dungeon.
You visited 1 branch of the dungeon, and saw 2 of its levels.

You collected 92 gold pieces.

Inventory:

Missiles
 e - 63 stones (quivered)
Armour
 a - a +0 robe (worn)
Jewellery
 b - a ring of magical power (left hand)
Scrolls
 c - a scroll of identify {unknown}
 f - a scroll of remove curse {unknown}
 g - 2 scrolls of teleportation {unknown}
 i - a scroll of random uselessness {unknown}
Potions
 h - a potion of brilliance {unknown}


   Skills:
 - Level 1.0 Fighting
 - Level 1.5 Dodging
 + Level 5.5 Unarmed Combat
 - Level 2.0 Spellcasting
 - Level 2.0 Transmutations


You had 6 spell levels left.
You knew the following spells:

 Your Spells              Type           Power        Failure   Level
a - Beastly Appendage     Tmut           #.....       11%         1

Your spell library contained the following spells:

 Spells                   Type           Power        Failure   Level
 Wereblood                Tmut           #.......     16%         2
 Spider Form              Tmut/Pois      #.........   43%         3
 Ice Form                 Ice/Tmut       #.......     83%         4
 Blade Hands              Tmut           #.........   96%         5


Dungeon Overview and Level Annotations

Branches:
Dungeon (2/15)

Altars:


Innate Abilities, Weirdness & Mutations

You are completely covered in rugged brown scales. (AC +3, +7% HP)
You have supernaturally acute eyesight. (SInv)
Armour fits poorly on your strangely shaped body.
You can roll at nearby foes to attack.
You have a long armoured tail.


Message History

The goblin is severely wounded.
The goblin hits you.
* * * LOW HITPOINT WARNING * * *
The goblin hits you but does no damage. The hobgoblin closely misses you.
The hobgoblin hits you but does no damage.
A hobgoblin comes into view.
The goblin barely misses you.
You take 4 damage, and have 9/37 hp.
Unknown command.
Okay, then.
It was a potion of cancellation.
Your magical effects are unravelling.
You feel magically purged.
Your horns disappear.
Your talons disappear.
The goblin misses you. The goblin hits you with a +0 dagger.
* * * LOW HITPOINT WARNING * * *
The hobgoblin hits you with a +0 club!
* * * LOW HITPOINT WARNING * * *
The hobgoblin hits you with a +0 club.
You die...

.. .###
...g
#..# #
#.g.
#.g#
#gg# #
#g@#
#.###gg#
#.....g#
#
####..$#
# # .##
##..#
#... ..#
#...#
#... #.#
#.#(#
#... #.#
#.#.#
#... #.#
##.#.#
#.##


You could see 3 hobgoblins and 6 goblins.

Vanquished Creatures
  An orc wizard (D:2)
  Jessica (D:2)
  Robin (D:2)
  An adder (D:2)
  A worm (D:2)
  A dart slug (D:1)
  2 orcs (D:2)
  A giant cockroach (D:2)
  5 goblins
  2 hobgoblins (D:1)
  3 jackals (D:2)
  7 kobolds
  2 quokkas (D:2)
  5 bats
  3 frilled lizards
  3 rats
39 creatures vanquished.

Notes
Turn   | Place    | Note
-------+----------+-------------------------------------------
     0 | D:1      | jasper the Palentonga Transmuter began the quest for the
                  | Orb.
     0 | D:1      | Reached XP level 1. HP: 17/17 MP: 3/3
   362 | D:1      | Reached XP level 2. HP: 24/24 MP: 5/5
   776 | D:1      | Reached skill level 4 in Unarmed Combat
   964 | D:2      | Reached XP level 3. HP: 10/29 MP: 6/6
  1377 | D:2      | Noticed Jessica
  1384 | D:2      | Killed Jessica
  1385 | D:2      | Reached skill level 5 in Unarmed Combat
  1385 | D:2      | Reached XP level 4. HP: 37/37 MP: 7/7
  1567 | D:2      | Noticed Robin
  1581 | D:2      | Killed Robin
  1584 | D:2      | HP: 1/37 [hobgoblin/+0 club[Robin] (7)]
  1584 | D:2      | Slain by a hobgoblin

Illustrated notes

Levels and vault maps discovered:
D:1:      psy_arrival_radial02, layout_rooms, patterned_corridor
D:2:      minmay_door_path, layout_rooms, nicolae_ru_the_path_less_chosen,
          uniq_natasha, uniq_robin, uniq_jessica

Skill      XL: |  1  2  3 |
---------------+----------+-----
Unarmed Combat | 4 5 |  5.5
Fighting       | |  1.0
Dodging        | |  1.5
Spellcasting   | |  2.0
Transmutations | |  2.0

Action                   |  1- 3 |  4- 6 || total
-------------------------+-------+-------++-------
Melee: Unarmed           |    90 |    35 ||   125
       Tailslap          |     6 |     2 ||     8
       Headbutt          |     2 |     6 ||     8
       Kick              |     3 |     4 ||     7
       Punch             |       |     1 ||     1
Throw: Stone             |     1 |       ||     1
 Cast: Beastly Appendage |     3 |     3 ||     6
 Abil: Rolling Charge    |     9 |     3 ||    12
  Use: Potion            |     1 |     1 ||     2
 Stab: Sleeping          |     1 |       ||     1
Armor: Robe              |    22 |    15 ||    37
Dodge: Dodged            |    52 |    33 ||    85

Table legend: (Time is in decaauts)
 A = Elapsed time spent in this place.
 B = Non-inter-level travel time spent in this place.
 C = Inter-level travel time spent in this place.
 D = Time resting spent in this place.
 E = Time spent auto-exploring this place.
 F = Levels seen in this place.
 G = Mean time per level.
                   A        B        C        D        E       F      G
               +--------+--------+--------+--------+--------+-----+--------+
         Total |   1573 |   1546 |     27 |    485 |    847 |   2 |  786.5 |
       Dungeon |   1573 |   1546 |     27 |    485 |    847 |   2 |  786.5 |
               +--------+--------+--------+--------+--------+-----+--------+

Top non-repeatable levels by time:
     D:1: 936 daAuts
     D:2: 637 daAuts
